[ AOE2 MATCH · #505009464 ]
UnrankedIncas vs Vietnamese
Player's team · LOSS
[ REPLAY ANALYSIS · EXTRACTED FROM THE RECORDED GAME ]
Feudal
8:51
Castle
20:00
Imperial
34:13
| APM avg | 89.8 |
| APM peak | 151 |
| eAPM avg | 62.4 |
| Villagers / military | 247 / 971 |
Focus
⚔️ 69.3% · 🌾 30.7%
Skirmisher ×521 · Petard ×209 · Unknown (2550) ×198 · Spearman ×143 · Battering Ram ×51 · Monk ×26
Feudal
10:59
Castle
14:48
Imperial
30:50
| APM avg | 60.4 |
| APM peak | 86 |
| eAPM avg | 38.7 |
| Villagers / military | 199 / 853 |
Focus
⚔️ 55.6% · 🌾 44.4%
Skirmisher ×337 · Militia ×272 · Scout Cavalry ×138 · Rattan Archer ×63 · Bombard Cannon ×25 · Trebuchet (Packed) ×9
Match map
Initial resources + every placement click. Lines = walls · curves = elevation contours. ◆ gold · ⬟ stone · ● berries · ✦ relic · ◌ wall gap
Your base· ✓ Closed at 20:00 · 0t walls · 3 gate(s)
RoR | Vodka_L_2's base· ✓ Closed at 14:48 · 68t walls · 3 gate(s)
Smoothed initial terrain · ◌ = detected wall gap · hover for details
Inputs per minute
— wR.Sebastian - - RoR | Vodka_L_2
Build order — wR.Sebastian
First 150 of 1373 actions detected
| 0:00 | Create | Villager (Male) |
| 0:01 | Build | House |
| 0:02 | Build | House |
| 0:02 | Create | Villager (Male) |
| 0:10 | Create | Villager (Male) |
| 0:20 | Create | Villager (Male) |
| 1:25 | Create | Villager (Male) |
| 1:48 | Build | Settlement |
| 1:58 | Create | Villager (Male) |
| 2:17 | Create | Villager (Male) |
| 2:36 | Create | Villager (Male) |
| 3:13 | Create | Villager (Male) |
| 3:23 | Create | Villager (Male) |
| 3:59 | Create | Villager (Male) |
| 4:22 | Create | Villager (Male) |
| 4:41 | Create | Villager (Male) |
| 4:55 | Create | Villager (Male) |
| 5:27 | Create | Villager (Male) |
| 6:04 | Create | Villager (Male) |
| 6:41 | Research | Feudal Age |
| 7:04 | Build | Barracks |
| 7:46 | Create | Villager (Male) |
| 8:39 | Build | House |
| 8:48 | Build | House |
| 8:50 | Build | House |
| 8:51 | Age | Feudal Age |
| 8:55 | Build | Watch Tower |
| 8:57 | Build | Archery Range |
| 9:07 | Build | Archery Range |
| 9:11 | Research | Double-Bit Axe |
| 9:11 | Create | Villager (Male) |
| 9:19 | Create | Villager (Male) |
| 9:35 | Create | Villager (Male) |
| 9:44 | Create | Villager (Male) |
| 10:03 | Create | Archer |
| 10:09 | Create | Villager (Male) |
| 10:15 | Create | Archer |
| 10:17 | Create | Archer |
| 10:25 | Build | Blacksmith |
| 10:33 | Create | Archer |
| 10:45 | Create | Villager (Male) |
| 10:58 | Build | Settlement |
| 11:01 | Create | Archer |
| 11:05 | Create | Villager (Male) |
| 11:11 | Create | Villager (Male) |
| 11:24 | Create | Archer |
| 11:26 | Research | Fletching |
| 11:27 | Research | Fletching |
| 11:38 | Build | Palisade Gate |
| 11:38 | Create | Villager (Male) |
| 11:45 | Build | Outpost |
| 11:54 | Create | Villager (Male) |
| 11:55 | Create | Archer |
| 12:01 | Build | Watch Tower |
| 12:28 | Create | Villager (Male) |
| 12:33 | Build | Settlement |
| 12:36 | Build | Settlement |
| 13:05 | Create | Villager (Male) |
| 13:06 | Build | Farm |
| 13:07 | Build | Farm |
| 13:22 | Create | Villager (Male) |
| 13:23 | Create | Villager (Male) |
| 13:34 | Build | Outpost |
| 13:38 | Create | Villager (Male) |
| 13:39 | Build | Farm |
| 13:40 | Build | Farm |
| 13:42 | Build | Farm |
| 13:44 | Create | Villager (Male) |
| 13:53 | Build | Outpost |
| 14:02 | Create | Villager (Male) |
| 14:05 | Build | Watch Tower |
| 14:08 | Create | Villager (Male) |
| 14:32 | Build | Farm |
| 14:32 | Build | Farm |
| 14:36 | Build | Farm |
| 14:39 | Build | Farm |
| 14:52 | Create | Villager (Male) |
| 14:59 | Research | Horse Collar |
| 15:14 | Create | Villager (Male) |
| 15:26 | Research | Loom |
| 15:34 | Create | Villager (Male) |
| 15:37 | Build | Farm |
| 15:39 | Build | Farm |
| 15:58 | Create | Villager (Male) |
| 16:00 | Build | Farm |
| 16:02 | Build | Farm |
| 16:43 | Create | Villager (Male) |
| 16:50 | Build | Farm |
| 16:56 | Research | Wheelbarrow |
| 17:20 | Research | Castle Age |
| 17:21 | Research | Castle Age |
| 17:32 | Build | Watch Tower |
| 17:54 | Research | Gold Mining |
| 17:55 | Create | Villager (Male) |
| 18:01 | Create | Skirmisher |
| 18:02 | Create | Skirmisher |
| 18:17 | Create | Villager (Male) |
| 18:52 | Create | Skirmisher |
| 18:57 | Create | Skirmisher |
| 19:12 | Create | Skirmisher |
| 19:50 | Create | Skirmisher |
| 20:00 | Create | Villager (Male) |
| 20:00 | Age | Castle Age |
| 20:03 | Research | Bodkin Arrow |
| 20:04 | Research | Elite Skirmisher (upgrade) |
| 20:05 | Create | Villager (Male) |
| 20:25 | Create | Villager (Male) |
| 20:31 | Build | Monastery |
| 20:34 | Build | Monastery |
| 20:40 | Build | House |
| 20:43 | Create | Villager (Male) |
| 20:45 | Build | Monastery |
| 20:49 | Build | Palisade Wall |
| 20:49 | Build | Palisade Wall |
| 20:50 | Build | Palisade Wall |
| 20:50 | Build | Palisade Wall |
| 20:50 | Build | Palisade Wall |
| 20:50 | Build | Palisade Wall |
| 21:04 | Research | Wheelbarrow |
| 21:21 | Build | Palisade Wall |
| 21:23 | Build | Palisade Wall |
| 21:32 | Create | Villager (Male) |
| 21:33 | Create | Monk |
| 21:33 | Create | Monk |
| 21:56 | Research | Padded Archer Armor |
| 21:56 | Research | Padded Archer Armor |
| 21:58 | Create | Villager (Male) |
| 21:59 | Create | Villager (Male) |
| 22:06 | Create | Villager (Male) |
| 22:08 | Create | Villager (Male) |
| 22:11 | Build | Town Center |
| 22:13 | Create | Skirmisher |
| 22:17 | Create | Monk |
| 22:17 | Create | Monk |
| 22:27 | Create | Skirmisher |
| 22:29 | Build | Outpost |
| 22:31 | Create | Monk |
| 22:44 | Create | Skirmisher |
| 22:51 | Create | Skirmisher |
| 22:57 | Create | Skirmisher |
| 22:58 | Create | Villager (Male) |
| 23:15 | Create | Monk |
| 23:20 | Create | Skirmisher |
| 23:26 | Create | Villager (Male) |
| 23:31 | Create | Villager (Male) |
| 23:36 | Create | Villager (Male) |
| 23:41 | Build | House |
| 23:45 | Create | Villager (Male) |
| 23:47 | Create | Monk |
| 23:53 | Create | Villager (Male) |
Build order — RoR | Vodka_L_2
First 150 of 1227 actions detected
| 0:00 | Create | Villager (Male) |
| 0:02 | Build | House |
| 0:02 | Build | House |
| 0:15 | Create | Villager (Male) |
| 0:50 | Create | Villager (Male) |
| 1:07 | Create | Villager (Male) |
| 1:29 | Create | Villager (Male) |
| 1:44 | Build | Lumber Camp |
| 1:56 | Create | Villager (Male) |
| 2:11 | Build | Palisade Gate |
| 2:22 | Build | Palisade Wall |
| 2:22 | Build | Palisade Wall |
| 2:23 | Build | Palisade Wall |
| 2:23 | Build | Palisade Wall |
| 2:27 | Create | Villager (Male) |
| 2:45 | Build | Palisade Wall |
| 2:46 | Build | Palisade Wall |
| 2:51 | Build | Palisade Wall |
| 2:54 | Build | Palisade Wall |
| 2:56 | Create | Villager (Male) |
| 3:01 | Build | Palisade Wall |
| 3:03 | Build | Palisade Wall |
| 3:11 | Build | Palisade Wall |
| 3:11 | Create | Villager (Male) |
| 3:14 | Build | Palisade Wall |
| 3:30 | Build | Palisade Wall |
| 3:36 | Create | Villager (Male) |
| 3:53 | Build | House |
| 4:04 | Create | Villager (Male) |
| 4:04 | Create | Villager (Male) |
| 4:29 | Create | Villager (Male) |
| 4:40 | Create | Villager (Male) |
| 4:54 | Build | Mill |
| 5:05 | Create | Villager (Male) |
| 5:17 | Create | Villager (Male) |
| 5:32 | Build | House |
| 5:40 | Create | Villager (Male) |
| 6:02 | Create | Villager (Male) |
| 6:35 | Create | Villager (Male) |
| 7:12 | Create | Villager (Male) |
| 7:43 | Build | Lumber Camp |
| 7:48 | Create | Villager (Male) |
| 8:10 | Research | Feudal Age |
| 8:18 | Create | Villager (Male) |
| 8:28 | Build | Mining Camp |
| 8:49 | Research | Feudal Age |
| 8:51 | Build | House |
| 9:30 | Build | House |
| 10:02 | Build | Palisade Wall |
| 10:03 | Build | Palisade Wall |
| 10:03 | Build | Palisade Wall |
| 10:12 | Build | Palisade Wall |
| 10:13 | Build | Palisade Wall |
| 10:22 | Build | Palisade Wall |
| 10:24 | Build | Palisade Wall |
| 10:37 | Build | Palisade Wall |
| 10:46 | Research | Loom |
| 10:59 | Age | Feudal Age |
| 11:00 | Build | Blacksmith |
| 11:01 | Build | Market |
| 11:02 | Create | Villager (Male) |
| 11:06 | Build | Stone Wall |
| 11:10 | Build | Stone Wall |
| 11:44 | Build | Stone Wall |
| 11:46 | Build | Stone Wall |
| 11:54 | Research | Double-Bit Axe |
| 12:03 | Build | Mining Camp |
| 12:08 | Research | Castle Age |
| 12:08 | Research | Castle Age |
| 12:18 | Build | Stone Wall |
| 12:23 | Build | Stone Wall |
| 12:27 | Build | Stone Wall |
| 12:35 | Research | Stone Mining |
| 13:15 | Build | Stone Wall |
| 13:16 | Build | Stone Wall |
| 13:20 | Research | Horse Collar |
| 13:34 | Build | Stone Wall |
| 13:37 | Build | Stone Wall |
| 13:44 | Build | Farm |
| 13:48 | Build | Farm |
| 13:51 | Build | Farm |
| 14:04 | Build | Farm |
| 14:45 | Create | Villager (Male) |
| 14:48 | Age | Castle Age |
| 14:55 | Build | Farm |
| 15:12 | Build | Town Center |
| 15:13 | Create | Villager (Male) |
| 15:29 | Build | Farm |
| 15:35 | Create | Villager (Male) |
| 16:06 | Create | Villager (Male) |
| 16:28 | Create | Villager (Male) |
| 16:31 | Create | Villager (Male) |
| 16:32 | Build | Farm |
| 16:33 | Build | Farm |
| 16:35 | Create | Villager (Male) |
| 16:56 | Build | Castle |
| 17:02 | Create | Villager (Male) |
| 17:06 | Build | Farm |
| 17:07 | Build | Farm |
| 17:13 | Build | House |
| 17:14 | Create | Villager (Male) |
| 17:20 | Build | Farm |
| 17:22 | Build | Farm |
| 17:26 | Create | Villager (Male) |
| 17:26 | Create | Villager (Male) |
| 17:31 | Build | House |
| 17:44 | Build | Farm |
| 17:54 | Create | Villager (Male) |
| 18:03 | Build | Farm |
| 18:07 | Create | Villager (Male) |
| 18:12 | Build | House |
| 18:35 | Create | Villager (Male) |
| 18:35 | Create | Villager (Male) |
| 18:36 | Create | Rattan Archer |
| 18:37 | Create | Rattan Archer |
| 18:37 | Create | Rattan Archer |
| 18:50 | Build | Farm |
| 18:52 | Create | Villager (Male) |
| 19:02 | Build | Farm |
| 19:02 | Create | Villager (Male) |
| 19:15 | Research | Fletching |
| 19:16 | Research | Fletching |
| 19:17 | Create | Villager (Male) |
| 19:19 | Build | Farm |
| 19:21 | Build | Farm |
| 19:30 | Create | Villager (Male) |
| 19:42 | Create | Villager (Male) |
| 19:43 | Create | Rattan Archer |
| 19:43 | Create | Rattan Archer |
| 20:01 | Create | Villager (Male) |
| 20:08 | Create | Villager (Male) |
| 20:09 | Create | Rattan Archer |
| 20:27 | Create | Villager (Male) |
| 20:29 | Create | Villager (Male) |
| 20:32 | Build | Farm |
| 20:37 | Create | Villager (Male) |
| 20:42 | Create | Rattan Archer |
| 20:42 | Create | Rattan Archer |
| 20:47 | Create | Villager (Male) |
| 20:49 | Build | Farm |
| 20:54 | Build | Farm |
| 21:08 | Build | Siege Workshop |
| 21:10 | Create | Rattan Archer |
| 21:10 | Create | Rattan Archer |
| 21:11 | Create | Villager (Male) |
| 21:19 | Create | Villager (Male) |
| 21:25 | Build | Farm |
| 21:26 | Build | Farm |
| 21:30 | Create | Rattan Archer |
| 21:32 | Build | Farm |
Match timeline
| 2:22 | RoR | Vodka_L_2 · wall_segment Palisade Wall x1 |
| 2:22 | RoR | Vodka_L_2 · wall_segment Palisade Wall x1 |
| 2:23 | RoR | Vodka_L_2 · wall_segment Palisade Wall x1 |
| 2:23 | RoR | Vodka_L_2 · wall_segment Palisade Wall x1 |
| 2:45 | RoR | Vodka_L_2 · wall_segment Palisade Wall x1 |
| 2:46 | RoR | Vodka_L_2 · wall_segment Palisade Wall x1 |
| 2:51 | RoR | Vodka_L_2 · wall_segment Palisade Wall x1 |
| 2:54 | RoR | Vodka_L_2 · wall_segment Palisade Wall x1 |
| 3:01 | RoR | Vodka_L_2 · wall_segment Palisade Wall x1 |
| 3:03 | RoR | Vodka_L_2 · wall_segment Palisade Wall x1 |
| 3:11 | RoR | Vodka_L_2 · wall_segment Palisade Wall x1 |
| 3:14 | RoR | Vodka_L_2 · wall_segment Palisade Wall x1 |
| 3:30 | RoR | Vodka_L_2 · wall_segment Palisade Wall x1 |
| 7:04 | wR.Sebastian · first_building Barracks |
| 8:51 | wR.Sebastian · age_up feudal |
| 8:57 | wR.Sebastian · first_building Archery Range |
| 10:02 | RoR | Vodka_L_2 · wall_segment Palisade Wall x1 |
| 10:03 | RoR | Vodka_L_2 · wall_segment Palisade Wall x1 |
| 10:03 | RoR | Vodka_L_2 · wall_segment Palisade Wall x1 |
| 10:12 | RoR | Vodka_L_2 · wall_segment Palisade Wall x6 |
| 10:13 | RoR | Vodka_L_2 · wall_segment Palisade Wall x1 |
| 10:22 | RoR | Vodka_L_2 · wall_segment Palisade Wall x2 |
| 10:24 | RoR | Vodka_L_2 · wall_segment Palisade Wall x8 |
| 10:37 | RoR | Vodka_L_2 · wall_segment Palisade Wall x4 |
| 10:59 | RoR | Vodka_L_2 · age_up feudal |
| 11:06 | RoR | Vodka_L_2 · wall_segment Stone Wall x8 |
| 11:10 | RoR | Vodka_L_2 · wall_segment Stone Wall x7 |
| 11:44 | RoR | Vodka_L_2 · wall_segment Stone Wall x2 |
| 11:46 | RoR | Vodka_L_2 · wall_segment Stone Wall x1 |
| 12:18 | RoR | Vodka_L_2 · wall_segment Stone Wall x7 |
| 12:23 | RoR | Vodka_L_2 · wall_segment Stone Wall x1 |
| 12:27 | RoR | Vodka_L_2 · wall_segment Stone Wall x1 |
| 13:15 | RoR | Vodka_L_2 · wall_segment Stone Wall x1 |
| 13:16 | RoR | Vodka_L_2 · wall_segment Stone Wall x1 |
| 13:34 | RoR | Vodka_L_2 · wall_segment Stone Wall x3 |
| 13:37 | RoR | Vodka_L_2 · wall_segment Stone Wall x4 |
| 14:48 | RoR | Vodka_L_2 · age_up castle |
| 15:43 | RoR | Vodka_L_2 · first_market_buy 100 stone |
| 16:56 | RoR | Vodka_L_2 · first_building Castle |
| 20:00 | wR.Sebastian · age_up castle |
| 20:31 | wR.Sebastian · first_building Monastery |
| 20:49 | wR.Sebastian · wall_segment Palisade Wall x1 |
| 20:49 | wR.Sebastian · wall_segment Palisade Wall x2 |
| 20:50 | wR.Sebastian · wall_segment Palisade Wall x2 |
| 20:50 | wR.Sebastian · wall_segment Palisade Wall x2 |
| 20:50 | wR.Sebastian · wall_segment Palisade Wall x1 |
| 20:50 | wR.Sebastian · wall_segment Palisade Wall x1 |
| 21:08 | RoR | Vodka_L_2 · first_building Siege Workshop |
| 21:21 | wR.Sebastian · wall_segment Palisade Wall x1 |
| 21:23 | wR.Sebastian · wall_segment Palisade Wall x1 |
| 22:48 | RoR | Vodka_L_2 · wall_segment Stone Wall x1 |
| 23:54 | RoR | Vodka_L_2 · wall_segment Stone Wall x1 |
| 27:52 | RoR | Vodka_L_2 · first_building Barracks |
| 29:26 | RoR | Vodka_L_2 · first_building Archery Range |
| 30:37 | wR.Sebastian · first_building Siege Workshop |
| 30:50 | RoR | Vodka_L_2 · age_up imperial |
| 30:55 | wR.Sebastian · first_market_buy 100 stone |
| 31:08 | wR.Sebastian · first_building Castle |
| 34:13 | wR.Sebastian · age_up imperial |
| 34:49 | RoR | Vodka_L_2 · first_market_sell 100 food |
| 45:44 | wR.Sebastian · first_market_sell 500 wood |
| 45:59 | RoR | Vodka_L_2 · first_building Stable |
| 68:28 | wR.Sebastian · wall_segment Stone Wall x1 |
| 69:26 | wR.Sebastian · resign |
[ AI ANALYSIS · 1 CREDIT ]
What really happened in this match?
Wolo.gg analyzes every decision: build order, eco, micro, common mistakes by bracket. Personalized analysis on WhatsApp or Discord in 30 seconds.
Civ guide
Incas
Perfil
Sebastian